 Dungeon Crawl Stone Soup version 0.30-a0-918-g0ff054e9dc (webtiles) character file.

Game seed: 9826469718056814424

678 billz999 the Skirmisher (level 7, -1/56 HPs)
             Began as a Gnoll Hunter on Mar 20, 2023.
             Slain by a hound (5 damage)
             ... on level 5 of the Dungeon.
             The game lasted 00:07:36 (3663 turns).

billz999 the Skirmisher (Gnoll Hunter)              Turns: 3663, Time: 00:07:37

Health: -1/56      AC:  8    Str: 11    XL:     7   Next: 60%
Magic:  11/11      EV: 13    Int: 10    God:
Gold:   201        SH:  0    Dex: 15    Spells: 4/11 levels left

rFire   . . .      SeeInvis .    a - +0 shortbow
rCold   . . .      Faith    .    (shield currently unavailable)
rNeg    . . .      Spirit   .    c - +0 leather armour
rPois   .          Reflect  .    (no helmet)
rElec   .          Rampage  .    (no cloak)
rCorr   .                        h - +0 pair of gloves
Will    .....                    (no boots)
Stlth   ++                       (no amulet)
HPRegen 0.29/turn                n - +4 ring of protection
MPRegen 0.12/turn                (no ring)

@: no status effects
A: fangs 1, strong nose, distributed training
a: no special abilities


You were on level 5 of the Dungeon.
You visited 1 branch of the dungeon, and saw 5 of its levels.

You collected 201 gold pieces.

Inventory:

Hand Weapons
 a - a +0 shortbow (weapon)
 d - a +0 heavy hand axe
Armour
 c - a +0 leather armour (worn)
 h - a +0 pair of gloves (worn)
Jewellery
 n - a +4 ring of protection (left hand)
Wands
 q - a wand of digging (4)
Scrolls
 b - 2 scrolls of immolation
 e - 3 scrolls of identify
 f - a scroll of vulnerability
 l - 3 scrolls of poison
 m - 2 scrolls of silence
 o - a scroll of fear
Potions
 g - a potion of brilliance {unknown}
 i - 2 potions of attraction {unknown}
 j - a potion of flight {unknown}
 k - 3 potions of heal wounds
 r - a potion of curing {unknown}
 s - 2 potions of haste {unknown}
 t - a potion of berserk rage {unknown}


   Skills:
 + Level 5.3 Fighting
 + Level 2.7 Short Blades
 + Level 2.7 Long Blades
 + Level 2.7 Axes
 + Level 2.7 Maces & Flails
 + Level 2.7 Polearms
 + Level 2.7 Staves
 + Level 9.0 Ranged Weapons
 + Level 2.7 Throwing
 + Level 2.7 Armour
 + Level 5.3 Dodging
 + Level 3.6 Stealth
 + Level 2.7 Shields
 + Level 2.7 Unarmed Combat
 + Level 2.7 Spellcasting
 + Level 2.2 Conjurations
 + Level 2.2 Hexes
 + Level 2.2 Summonings
 + Level 2.2 Necromancy
 + Level 2.2 Translocations
 + Level 2.2 Transmutations
 + Level 2.2 Fire Magic
 + Level 2.2 Ice Magic
 + Level 2.2 Air Magic
 + Level 2.2 Earth Magic
 + Level 2.2 Poison Magic
 + Level 3.0 Invocations
 + Level 2.7 Evocations


You had 4 spell levels left.
You knew the following spells:

 Your Spells              Type           Power      Damage    Failure   Level
a - Mephitic Cloud        Conj/Pois/Air  5%         N/A       41%         3
b - Iskenderun's Mystic   Conj/Tloc      5%         2d3       83%         4

Your spell library contained the following spells:

 Spells                   Type           Power      Damage    Failure   Level
 Magic Dart               Conj           20%        1d4       16%         1
 Call Imp                 Summ           5%         N/A       22%         2
 Lesser Beckoning         Tloc           10%        N/A       22%         2
 Dazzling Flash           Conj/Hex       10%        N/A       41%         3
 Gell's Gravitas          Tloc           5%         N/A       41%         3
 Teleport Other           Tloc           5%         N/A       41%         3
 Anguish                  Hex/Necr       2%         N/A       83%         4
 Agony                    Necr           5%         N/A       99%         5
 Silence                  Hex/Air        2%         N/A       99%         5
 Starburst                Conj/Fire      2%         6d3       100%        6
 Enfeeble                 Hex            2%         N/A       100%        7


Dungeon Overview and Level Annotations

Branches:
Dungeon (5/15)
 Temple: D:4-7

Altars:
Fedhas
Wu Jian

Shops:
D:1 =

Annotations:
D:3 2 transporters


Innate Abilities, Weirdness & Mutations

You have very sharp teeth.
Your uncanny sense of smell can sniff out nearby items.
Your experience applies equally to all skills.


Message History

The water moccasin misses you.
The water moccasin bites you but does no damage.
You shoot an arrow.
The arrow closely misses the water moccasin.
The water moccasin bites you but does no damage.
The water moccasin bites you.
You are poisoned.
The water moccasin poisons you!
You shoot an arrow. The arrow hits the water moccasin!
The water moccasin is moderately wounded.
You feel very sick.
The water moccasin bites you but does no damage.
You feel very sick. The water moccasin barely misses you.
You feel sick. The hound bites you but does no damage.
You feel sick.
You shoot an arrow. The arrow barely misses the hound.
You feel sick. The hound bites you. The hound barely misses you.
You feel sick. The hound misses you. The hound attacks as you move away!
The hound bites you.
You feel sick.
You feel sick. The hound barely misses you. The hound attacks as you move away!
The hound bites you but does no damage.
You feel sick. The hound attacks as you move away!
The hound bites you but does no damage.
You feel sick.
You are no longer poisoned.
The hound misses you. The hound attacks as you move away!
The hound bites you but does no damage.
Found 12 gold pieces.
The water moccasin closely misses you.
The water moccasin attacks as you move away!
The water moccasin bites you but does no damage.
The hound misses you. The hound attacks as you move away! The hound bites you.
* * * LOW HITPOINT WARNING * * *
The water moccasin bites you!
* * * LOW HITPOINT WARNING * * *
The hound attacks as you move away! The hound bites you.
* * * LOW HITPOINT WARNING * * *
The hound bites you.
You die...

#.........~~~......
.....##............#....
...$.#..................
.............##.........
.............##.........
...........†..#.........
..........[.........#...
........S...........#...
.......@h...h.....##....
.#..>.......##.#.....#.#
#....#[.......##....###
............#...#...†##.
......###.#.......##....
....## #..#..####.##....
.#.. #.....####.#####.
## ...#..#..##..####..
.....##...#...#....


You could see a water moccasin, a black bear and a hound.

Vanquished Creatures
  Sigmund (D:3)
  A centaur (D:3)
  2 hounds (D:5)
  A gnoll bouda (D:4)
  Jessica (D:3)
  Ijyb (D:3)
  2 iguanas
  Natasha (thrice) (D:3)
  3 gnolls
  4 adders
  An ufetubus (D:5)
  2 worms
  2 dart slugs
  9 orcs
  2 ball pythons
  6 bats
  5 endoplasms
  5 giant cockroaches
  5 hobgoblins
  11 jackals
  5 quokkas
  8 frilled lizards
  6 goblins
  8 kobolds
  6 rats
100 creatures vanquished.

Notes
Turn   | Place    | Note
-------+----------+-------------------------------------------
     0 | D:1      | billz999 the Gnoll Hunter began the quest for the Orb.
     0 | D:1      | Reached XP level 1. HP: 20/20 MP: 1/1
   282 | D:1      | Reached XP level 2. HP: 22/26 MP: 2/2
   301 | D:1      | Found Wapni's Jewellery Shoppe.
   761 | D:2      | Reached XP level 3. HP: 28/31 MP: 3/3
   876 | D:2      | Reached skill level 1 in Invocations
  1072 | D:2      | Reached skill level 1 in Short Blades
  1072 | D:2      | Reached skill level 1 in Long Blades
  1072 | D:2      | Reached skill level 1 in Axes
  1072 | D:2      | Reached skill level 1 in Maces & Flails
  1072 | D:2      | Reached skill level 1 in Polearms
  1072 | D:2      | Reached skill level 1 in Staves
  1072 | D:2      | Reached skill level 1 in Throwing
  1072 | D:2      | Reached skill level 1 in Armour
  1072 | D:2      | Reached skill level 1 in Shields
  1072 | D:2      | Reached skill level 1 in Unarmed Combat
  1072 | D:2      | Reached skill level 1 in Spellcasting
  1072 | D:2      | Reached skill level 1 in Evocations
  1263 | D:3      | Reached XP level 4. HP: 38/38 MP: 5/5
  1349 | D:3      | Reached skill level 1 in Conjurations
  1349 | D:3      | Reached skill level 1 in Hexes
  1349 | D:3      | Reached skill level 1 in Summonings
  1349 | D:3      | Reached skill level 1 in Necromancy
  1349 | D:3      | Reached skill level 1 in Translocations
  1349 | D:3      | Reached skill level 1 in Transmutations
  1349 | D:3      | Reached skill level 1 in Fire Magic
  1349 | D:3      | Reached skill level 1 in Ice Magic
  1349 | D:3      | Reached skill level 1 in Air Magic
  1349 | D:3      | Reached skill level 1 in Earth Magic
  1349 | D:3      | Reached skill level 1 in Poison Magic
  1425 | D:3      | Noticed Ijyb
  1439 | D:3      | Killed Ijyb
  1501 | D:3      | Reached XP level 5. HP: 43/43 MP: 7/7
  1528 | D:3      | Noticed Natasha
  1530 | D:3      | Killed Natasha
  1586 | D:3      | Noticed Jessica
  1597 | D:3      | Killed Jessica
  1687 | D:3      | Found a transporter.
  1796 | D:3      | Found a transporter.
  1857 | D:3      | Noticed a centaur
  1859 | D:3      | Noticed Natasha
  1867 | D:3      | Killed a centaur
  1868 | D:3      | Reached skill level 5 in Fighting
  1868 | D:3      | Reached skill level 5 in Dodging
  1868 | D:3      | Reached XP level 6. HP: 15/51 MP: 8/8
  2201 | D:3      | Noticed Sigmund
  2206 | D:3      | Killed Sigmund
  2207 | D:3      | Reached XP level 7. HP: 54/56 MP: 10/10
  2277 | D:3      | Killed Natasha
  2444 | D:3      | Noticed Natasha
  2447 | D:3      | Killed Natasha
  2652 | D:3      | Found a transporter.
  2740 | D:3      | Found a transporter.
  2972 | D:4      | Found an ornate altar of the Wu Jian Council.
  3518 | D:5      | Entered Level 5 of the Dungeon
  3522 | D:5      | Found a blossoming altar of Fedhas.
  3534 | D:5      | Learned a level 3 spell: Mephitic Cloud
  3539 | D:5      | Learned a level 4 spell: Iskenderun's Mystic Blast
  3580 | D:5      | Reached skill level 9 in Ranged Weapons
  3663 | D:5      | Slain by a hound

Illustrated notes

Levels and vault maps discovered:
D:1:      lightli_arrival_lavapool, layout_loops_ring, serial_shops, shop
D:2:      layout_rooms, minmay_box_of_dots
D:3:      gammafunk_wand_slinger, layout_loops_cross, minmay_tree_intersection,
          chequers_jeans, uniq_natasha, uniq_sigmund, uniq_jessica, uniq_ijyb
D:4:      layout_basic, nzn_wu_jian_council_hall, gup_sewer_entry_bowl
D:5:      layout_cave_pools, fedhas_ov_isle_minmay, minmay_temple_entry_glass,
          serial_gnoll_camp, gnoll_camp_mini_doghouse, gnoll_camp_mini_doghouse,
          grums_kennel, gnoll_camp_mini_sergeant, uniq_edmund

Skill      XL: |  1  2  3  4  5  6  7 |
---------------+----------------------+-----
Invocations    | 1 2 3 |  3.0
Short Blades   | 1 2 |  2.7
Long Blades    | 1 2 |  2.7
Axes           | 1 2 |  2.7
Maces & Flails | 1 2 |  2.7
Polearms       | 1 2 |  2.7
Staves         | 1 2 |  2.7
Throwing       | 1 2 |  2.7
Armour         | 1 2 |  2.7
Shields        | 1 2 |  2.7
Unarmed Combat | 1 2 |  2.7
Spellcasting   | 1 2 |  2.7
Evocations     | 1 2 |  2.7
Conjurations   | 1 2 |  2.2
Hexes          | 1 2 |  2.2
Summonings     | 1 2 |  2.2
Necromancy     | 1 2 |  2.2
Translocations | 1 2 |  2.2
Transmutations | 1 2 |  2.2
Fire Magic     | 1 2 |  2.2
Ice Magic      | 1 2 |  2.2
Air Magic      | 1 2 |  2.2
Earth Magic    | 1 2 |  2.2
Poison Magic   | 1 2 |  2.2
Fighting       | 5 |  5.3
Dodging        | 5 |  5.3
Stealth        | 3 |  3.6
Ranged Weapons | 9 |  9.0

Action                     |  1- 3 |  4- 6 |  7- 9 || total
---------------------------+-------+-------+-------++-------
   Fire: Shortbow          |   105 |   126 |   101 ||   332
    Use: Scroll            |       |     8 |     1 ||     9
         Potion            |       |     1 |       ||     1
 Armour: Leather armour    |     9 |    26 |    20 ||    55
  Dodge: Dodged            |    28 |    75 |    49 ||   152

Table legend: (Time is in decaauts)
 A = Elapsed time spent in this place.
 B = Non-inter-level travel time spent in this place.
 C = Inter-level travel time spent in this place.
 D = Time resting spent in this place.
 E = Time spent auto-exploring this place.
 F = Levels seen in this place.
 G = Mean time per level.
                   A        B        C        D        E       F      G
               +--------+--------+--------+--------+--------+-----+--------+
         Total |   3713 |   3600 |    113 |    134 |   2714 |   5 |  742.6 |
       Dungeon |   3713 |   3600 |    113 |    134 |   2714 |   5 |  742.6 |
               +--------+--------+--------+--------+--------+-----+--------+

Top non-repeatable levels by time:
     D:3: 1487 daAuts
     D:4: 843 daAuts
     D:1: 730 daAuts
     D:2: 504 daAuts
     D:5: 148 daAuts
